 Dungeon Crawl Stone Soup version 0.27.0-1-g7a08968 (webtiles) character file.

Game seed: 16117718906100582041

2373 Illumine the Poker (level 9, 0/71 HPs)
             Began as a Formicid Fighter on Aug 25, 2021.
             Was a Priest of Okawaru.
             Slain by a vampire mosquito (9 damage)
             ... on level 6 of the Dungeon.
             The game lasted 00:08:29 (6993 turns).

Illumine the Poker (Formicid Fighter)               Turns: 6993, Time: 00:08:30

Health: 0/71       AC: 11    Str: 25    XL:     9   Next: 73%
Magic:  12/12      EV:  7    Int:  7    God:    Okawaru [***...]
Gold:   355        SH: 11    Dex: 16    Spells: 8/8 levels left

rFire    . . .     SeeInvis +   p - +2 spear (venom)
rCold    . . .     Faith    .   c - +0 kite shield
rNeg     . . .     Spirit   .   d - +0 chain mail
rPois    .         Reflect  .   (helmet unavailable)
rElec    .         Harm     .   (no cloak)
rCorr    .         Rampage  .   (no gloves)
Will     .....                  r - +0 pair of boots
Stlth    ..........             (no amulet)
HPRegen  0.21/turn              h - +6 ring of dexterity
MPRegen  0.13/turn              (no ring)

@: no status effects
A: permanent stasis, dig shafts and tunnels, antennae 3, four strong arms
a: Dig, Shaft Self, Renounce Religion, Heroism


You were on level 6 of the Dungeon.
You worshipped Okawaru.
Okawaru was most pleased with you.
You visited 2 branches of the dungeon, and saw 8 of its levels.

You collected 355 gold pieces.

Inventory:

Hand Weapons
 a - a +0 trident
 p - a +2 spear of venom (weapon)
Missiles
 m - 16 poisoned darts
 o - 40 bolts
 v - 7 javelins
Armour
 c - a +0 kite shield (worn)
 d - a +0 chain mail (worn)
 r - a +0 pair of boots (worn)
Jewellery
 h - a +6 ring of dexterity (left hand)
 j - a ring of ice
 s - a +6 ring of dexterity
Scrolls
 f - a scroll of teleportation {unknown}
 g - 10 scrolls of identify {unknown}
 i - a scroll of fear {unknown}
 k - a scroll of noise {unknown}
 n - 2 scrolls of enchant armour {unknown}
 t - a scroll of magic mapping {unknown}
 u - 2 scrolls of amnesia {unknown}
Potions
 b - 3 potions of might
 e - a potion of curing {unknown}
 l - a potion of lignification {unknown}
 q - a potion of attraction {unknown}


   Skills:
 + Level 6.5 Fighting
 * Level 7.6 Polearms
 + Level 6.4 Armour
 + Level 7.2 Shields
 + Level 5.0 Invocations


You had 8 spell levels left.
You didn't know any spells.
Your spell library contained the following spells:

 Spells                   Type           Power      Damage    Failure   Level
 Foxfire                  Conj/Fire      0%         2x1d4     99%         1
 Slow                     Hex            0%         N/A       99%         2
 Call Canine Familiar     Summ           0%         N/A       100%        3
 Confusing Touch          Hex            0%         N/A       100%        3
 Dazzling Flash           Conj/Hex       0%         N/A       100%        3
 Portal Projectile        Hex/Tloc       0%         N/A       100%        3
 Vampiric Draining        Necr           0%         2d6       100%        3
 Iskenderun's Mystic Bla  Conj/Tloc      0%         2d3       100%        4
 Leda's Liquefaction      Hex/Erth       0%         N/A       100%        4
 Starburst                Conj/Fire      0%         8x6d3     100%        6


Dungeon Overview and Level Annotations

Branches:
Dungeon (7/15)             Temple (1/1) D:4

Altars:
Ashenzari
Dithmenos
Elyvilon
Gozag
Okawaru
Vehumet
Wu Jian
Xom
Zin
The Shining One


Innate Abilities, Weirdness & Mutations

You cannot be hasted, slowed, berserked, paralysed or teleported.
You can dig through walls and to a lower floor.
You have a pair of large antennae on your head. (SInv)
Your four strong arms can wield two-handed weapons with a shield.


Message History

The vampire mosquito bites you but does no damage.
The vampire mosquito is engulfed in a cloud of scalding steam.
You block the vampire mosquito's attack.
The shadow imp is engulfed in a cloud of scalding steam.
The centaur skeleton is engulfed in a cloud of scalding steam.
The centaur skeleton is destroyed!
The vampire mosquito barely misses you.
You block the vampire mosquito's attack. x2
The vampire mosquito bites you but does no damage.
You block the vampire mosquito's attack.
The vampire mosquito bites you.
* * * LOW HITPOINT WARNING * * *
The vampire mosquito draws strength from your injuries!
The vampire mosquito bites you but does no damage.
You see here a +0 chain mail.
The vampire mosquito bites you but does no damage.
You block the vampire mosquito's attack.
The vampire mosquito bites you.
* * * LOW HITPOINT WARNING * * *
The vampire mosquito draws strength from your injuries!
You block the vampire mosquito's attack.
The vampire mosquito bites you but does no damage.
The vampire mosquito barely misses you. The vampire mosquito barely misses you.
The vampire mosquito bites you.
* * * LOW HITPOINT WARNING * * *
The vampire mosquito draws strength from your injuries!
You block the vampire mosquito's attack.
The vampire mosquito closely misses you.
There is a stone staircase leading up here.
The vampire mosquito bites you.
* * * LOW HITPOINT WARNING * * *
The vampire mosquito draws strength from your injuries!
The vampire mosquito bites you but does no damage. x4
You climb upwards.
There is a stone staircase leading down here.
Unknown command.
The vampire mosquito bites you but does no damage.
The vampire mosquito barely misses you. The vampire mosquito bites you!
You die...

.######...####.##########..######
...†..#####.#.#.## #.##
...###...<...###.# ####.#######
##.# ######.#.#.## #...........
#.# #.##.## #.##.######. #.#
#.##.# #.##.#### #. #.#
#.##.#######.#....># #. #.#
#.##.##............# #. #.#
#...yy@.###........###. #.#
####>#### #..#......... #.# #.#
#.<#...(.##.. #.# #.#
#..########.. #[#
#.######..##........
#.###########...<...............
#.............#####...##########
#############..........#
#######...##


You could see 2 vampire mosquitoes.

Vanquished Creatures
  Menkaure (D:5)
  A water moccasin (D:6)
  An orc warrior (D:6)
  A black bear (D:6)
  2 sky beasts
  4 ogres
  A necrophage (D:6)
  2 kobold brigands
  2 phantoms
  3 scorpions
  3 wights (D:6)
  2 jellies (D:5)
  3 hounds
  An orc priest (D:6)
  3 centaur skeletons
  6 iguanas
  Terence (D:3)
  An orc wizard (D:6)
  A killer bee zombie (D:5)
  7 gnolls (D:5)
  10 adders
  A shadow imp (D:5)
  An ufetubus (D:6)
  4 worms
  A dart slug (D:3)
  10 orcs
  6 endoplasms
  4 giant cockroaches
  6 goblins
  5 hobgoblins
  2 jackals (D:3)
  4 quokkas
  6 ball pythons
  5 bats
  2 frilled lizards
  9 kobolds
  6 rats
128 creatures vanquished.

Vanquished Creatures (others)
  A centaur skeleton (D:7)
1 creature vanquished.

Grand Total: 129 creatures vanquished

Notes
Turn   | Place    | Note
-------+----------+-------------------------------------------
     0 | D:1      | Illumine the Formicid Fighter began the quest for the Orb.
     0 | D:1      | Reached XP level 1. HP: 18/18 MP: 1/1
    71 | D:1      | Reached XP level 2. HP: 21/24 MP: 2/2
   242 | D:1      | Found a faded altar of an unknown god.
   252 | D:1      | Got Plato's Compendium of the Blaze
   867 | D:2      | Reached XP level 3. HP: 29/29 MP: 3/3
  1623 | D:3      | Reached XP level 4. HP: 37/37 MP: 4/4
  1648 | D:3      | Reached XP level 5. HP: 6/42 MP: 5/5
  2251 | D:3      | Noticed Terence
  2257 | D:3      | Killed Terence
  2325 | D:3      | Reached XP level 6. HP: 44/48 MP: 6/6
  2778 | D:4      | Found a staircase to the Ecumenical Temple.
  2817 | Temple   | Entered the Ecumenical Temple
  2832 | Temple   | Became a worshipper of Warmaster Okawaru
  3161 | D:4      | Reached skill level 5 in Shields
  3615 | D:5      | Entered Level 5 of the Dungeon
  3836 | D:5      | Reached XP level 7. HP: 44/55 MP: 7/7
  3871 | D:5      | Reached skill level 1 in Invocations
  4323 | D:5      | Reached * piety under Okawaru
  4324 | D:5      | Reached skill level 5 in Polearms
  4447 | D:5      | Reached skill level 5 in Fighting
  4476 | D:5      | Noticed Menkaure
  4491 | D:5      | Killed Menkaure
  4492 | D:5      | Reached skill level 5 in Armour
  4492 | D:5      | Reached XP level 8. HP: 32/62 MP: 9/9
  5588 | D:6      | Found an ornate altar of the Wu Jian Council.
  5625 | D:6      | Reached ** piety under Okawaru
  5820 | D:6      | Reached XP level 9. HP: 69/69 MP: 11/11
  6667 | D:7      | Reached *** piety under Okawaru
  6964 | D:7      | Reached skill level 5 in Invocations
  6993 | D:6      | Slain by a vampire mosquito

Illustrated notes

Levels and vault maps discovered:
D:1:      dpeg_arrival_rhombi, layout_basic, shapermc_ecumenical_altar_rom_forum
D:2:      layout_basic, serial_corexii_hall, corexii_hall_statues_t,
          chequers_hall_statues_y
D:3:      layout_basic, uniq_terence
D:4:      layout_loops_ring, minmay_temple_entry_statues_fountains
D:5:      minmay_skewed_foursquare, layout_loops_ring,
          kennysheep_generic_room_2, uniq_menkaure
D:6:      layout_loops_ring, lemuel_round_altar, kennysheep_potato
D:7:      minmay_the_grid_octo_2x2 [minmay_the_grid_octo_clover,
          minmay_the_grid_octo_77, minmay_the_grid_octo_chip,
          minmay_the_grid_octo_prize_star], layout_basic,
          minmay_misc_feat_pillars, uniq_crazy_yiuf_cottage
Temple:   compressed_dpeg_circular_temple

Skill      XL: |  1  2  3  4  5  6  7  8  9 |
---------------+----------------------------+-----
Shields        | 4 5 6 7 |  7.2
Polearms       | 3 4 5 6 7 |  7.6
Fighting       | 4 5 6 |  6.5
Armour         | 4 5 6 |  6.4
Invocations    | 2 3 5 |  5.0

Action                   |  1- 3 |  4- 6 |  7- 9 || total
-------------------------+-------+-------+-------++-------
Melee: Trident           |    83 |   168 |    15 ||   266
       Spear             |       |       |   297 ||   297
  Use: Potion            |       |     1 |       ||     1
Armor: Scale mail        |    29 |    18 |       ||    47
       Chain mail        |       |    26 |    98 ||   124
Dodge: Dodged            |    20 |    29 |    63 ||   112
Block: Kite shield       |    42 |    79 |   131 ||   252
